 Dungeon Crawl Stone Soup version 0.24-a0-181-gd121a6d (console) character file.

Game seed: 5804674668268449623

427 Duffy the Insei (level 6, -3/38 HPs)
             Began as an Octopode Transmuter on Mar 14, 2019.
             Splashed by a jelly's acid (11 damage)
             ... on level 5 of the Dungeon.
             The game lasted 00:04:10 (5123 turns).

Duffy the Insei (Octopode Transmuter)               Turns: 5123, Time: 00:04:11

Health: -3/38      AC: -7    Str:  9    XL:     6   Next: 97%
Magic:  9/11       EV: 13    Int: 21    God:
Gold:   247        SH:  0    Dex: 12    Spells: 2/12 levels left

rFire    . . .     SeeInvis .     - Unarmed
rCold    + . .     Gourm    .   (no shield)
rNeg     . . .     Faith    .   p - +0 hat {Int+3}
rPois    .         Spirit   .   (no amulet)
rElec    .         Reflect  .   r - ring of protection from cold
rCorr    .         Harm     .   (no ring)
MR       .....                  (no ring)
Stlth    ++........             (no ring)
HPRegen  0.12/turn              (no ring)
MPRegen  0.12/turn              (no ring)
                                (no ring)
                                (no ring)

@: corroded
A: almost no armour, stealthy swim, amphibious, 8 rings, constrict 8, camouflage
1, gelatinous body 1
a: no special abilities


You were on level 5 of the Dungeon.
You were not hungry.

You visited 1 branch of the dungeon, and saw 5 of its levels.

You collected 247 gold pieces.

Inventory:

Missiles
 a - 46 arrows
Armour
 d - a +0 buckler
 p - a +0 hat of intelligence (worn)
Jewellery
 r - a ring of protection from cold (left tentacle)
Wands
 o - a wand of acid (9)
Scrolls
 e - a scroll of noise {unknown}
 h - 2 scrolls of random uselessness {unknown}
 j - 4 scrolls of remove curse {unknown}
 k - a scroll of amnesia {unknown}
 l - a scroll of magic mapping {unknown}
 m - 3 scrolls of teleportation {unknown}
 s - 2 scrolls of blinking {unknown}
 u - a scroll of immolation {unknown}
 v - a scroll of enchant armour {unknown}
Potions
 b - a potion of lignification {unknown}
 f - 2 potions of haste {unknown}
 g - a potion of flight {unknown}
 i - 4 potions of curing {unknown}
 n - a potion of agility {unknown}
 q - a potion of ambrosia {unknown}
 t - 2 potions of mutation {unknown}
Comestibles
 c - 11 rations
 w - 3 chunks of flesh


   Skills:
 - Level 1.0 Fighting
 - Level 2.0 Dodging
 + Level 4.8 Unarmed Combat
 + Level 3.9 Spellcasting
 + Level 3.3 Transmutations
 + Level 3.6 Poison Magic


You had 2 spell levels left.
You knew the following spells:

 Your Spells              Type           Power        Failure   Level  Hunger
h - Spider Form           Tmut/Pois      ###.......   9%          3    ###....
j - Sticks to Snakes      Tmut           ###.....     4%          2    #......
k - Beastly Appendage     Tmut           ###...       3%          1    None
l - Ice Form              Ice/Tmut       ##......     52%         4    ####...

Your spell library contained the following spells:

 Spells                   Type           Power        Failure   Level  Hunger
 Confusing Touch          Hex            #.....       12%         1    None
 Confuse                  Hex            #.......     36%         3    ###....
 Gell's Gravitas          Tloc           #.........   36%         3    ###....
 Petrify                  Tmut/Erth      ##......     52%         4    ####...
 Blade Hands              Tmut           ###.......   63%         5    ######.
 Yara's Violent Unravell  Hex/Tmut       ##........   86%         5    ######.
 Metabolic Englaciation   Hex/Ice        #.........   98%         5    ######.


Dungeon Overview and Level Annotations

Branches:
Dungeon (5/15)
 Temple: D:4-7

Altars:
Okawaru
Ru
Xom


Innate Abilities, Weirdness & Mutations

You cannot wear most types of armour.
You are very stealthy in the water. (Stealth+)
You are amphibious.
You can wear up to eight rings at the same time.
You can use your tentacles to constrict eight enemies at once.
Your skin changes colour to match your surroundings (Stealth+).
Your rubbery body absorbs attacks. (AC +1, EV +1)


Message History

A jelly comes into view.
Found an escape hatch in the ceiling.
A jelly is nearby!
The helpless jelly fails to defend itself.
You tentacle-slap the jelly.
Your tentacles burn!
The jelly is lightly wounded.
You completely miss the jelly. You squeeze the jelly.
The jelly is moderately wounded.
The jelly hits you. The acid corrodes you!
You are splashed with acid!
You tentacle-slap the jelly. The acid corrodes you!
Your tentacles burn!
The jelly is severely wounded.
The jelly barely misses you.
You tentacle-slap the jelly but do no damage.
Your tentacles burn!
The jelly is severely wounded.
The jelly hits you.
You are splashed with acid!
Cast which spell? (? or * to list)
You create a snake!
You now have 46 arrows.
The jelly hits you.
You are splashed with acid!
You die...

#.#
#.#
#.#
#.#
#.#
#.#
#.#
#J#
#@#
#S#
#.#
#.#
#<#
###


You could see a jelly and a friendly ball python.

Vanquished Creatures
  An ogre (D:4)
  A centaur skeleton (D:4)
  Natasha (thrice) (D:3)
  An orc wizard (D:4)
  4 worker ants (D:4)
  A gnoll (D:3)
  3 adders
  An adder skeleton (D:4)
  A worm (D:2)
  4 leopard geckos
  5 orcs
  A ball python (D:4)
  3 giant cockroaches
  10 goblins
  6 hobgoblins
  4 jackals (D:4)
  3 kobolds
  2 quokkas
  7 bats
  4 frilled lizards
  6 rats
71 creatures vanquished.

Notes
Turn   | Place    | Note
-------+----------+-------------------------------------------
     0 | D:1      | Duffy the Octopode Transmuter began the quest for the Orb.
     0 | D:1      | Reached XP level 1. HP: 13/13 MP: 3/3
   102 | D:1      | Reached XP level 2. HP: 9/18 MP: 3/5
   244 | D:1      | Learned a level 2 spell: Sticks to Snakes
  1139 | D:2      | Found a shimmering altar of Xom.
  1347 | D:2      | Reached XP level 3. HP: 22/23 MP: 6/6
  1352 | D:2      | Learned a level 3 spell: Spider Form
  2639 | D:3      | Reached skill level 1 in Poison Magic
  2907 | D:3      | Reached XP level 4. HP: 25/28 MP: 2/8
  3070 | D:3      | Found an iron altar of Okawaru.
  3337 | D:3      | Noticed Natasha
  3344 | D:3      | Killed Natasha
  3371 | D:3      | Noticed Natasha
  3378 | D:3      | Killed Natasha
  3378 | D:3      | Reached XP level 5. HP: 24/33 MP: 5/9
  3511 | D:3      | Noticed Natasha
  3520 | D:3      | Killed Natasha
  3520 | D:3      | Reached skill level 4 in Unarmed Combat
  3623 | D:3      | Learned a level 4 spell: Ice Form
  4081 | D:4      | Reached XP level 6. HP: 38/38 MP: 7/11
  4537 | D:4      | Noticed a phantom
  5029 | D:4      | Found a sacrificial altar of Ru.
  5076 | D:5      | Entered Level 5 of the Dungeon
  5123 | D:5      | Splashed by a jelly's acid

Levels and vault maps discovered:
D:1:      lightli_arrival_boilingwater, layout_basic
D:2:      minmay_wonky_spiral, layout_loops_ring, brannock_xom_greatest_gift
D:3:      layout_basic, columned_hall_lemuel, okawaru_altar_gauntlet_db,
          uniq_natasha
D:4:      layout_rooms, nicolae_ru_the_path_less_chosen, first_ration,
          minmay_box_of_dots
D:5:      layout_basic, minmay_temple_entry_offerings,
          chequers_serial_rivers_micro_b, item_on_display_a

Skill      XL: |  1  2  3  4  5 |
---------------+----------------+-----
Poison Magic   | 1 2 3 |  3.6
Transmutations | 3 |  3.3
Spellcasting   | 3 |  3.9
Unarmed Combat | 4 |  4.8
Fighting       | |  1.0
Dodging        | |  2.0

Action                   |  1- 3 |  4- 6 || total
-------------------------+-------+-------++-------
Melee: Unarmed           |    84 |   119 ||   203
       Constrict         |    21 |    13 ||    34
       Tentacles         |     8 |     8 ||    16
       Kick              |     8 |     1 ||     9
       Punch             |       |     1 ||     1
 Cast: Beastly Appendage |    19 |     2 ||    21
       Spider Form       |     3 |    10 ||    13
       Sticks to Snakes  |       |     1 ||     1
 Stab: Sleeping          |     5 |     4 ||     9
  Eat: Chunk             |     6 |     9 ||    15
Armor: Skin              |     7 |    11 ||    18
Dodge: Dodged            |    61 |    90 ||   151

Table legend:
 A = Non-vault XP
 B = Vault XP
 C = Vault XP percentage of total XP
 D = Non-vault monster count
 E = Vault monster count
 F = Vault count percentage of total count
                 A         B        C        D         E       F
            +---------+---------+-------+---------+---------+-------
      Total |     528 |      82 |  13.4 |      60 |      11 |  15.5
            +---------+---------+-------+---------+---------+-------
        D:1 |      24 |       0 |   0.0 |      15 |       0 |   0.0
        D:2 |      32 |       5 |  13.5 |      17 |       2 |  10.5
        D:3 |      93 |      60 |  39.2 |       9 |       7 |  43.8
        D:4 |     379 |      17 |   4.3 |      19 |       2 |   9.5
            +---------+---------+-------+---------+---------+-------
